 Dungeon Crawl Stone Soup version 0.28.0-53-g5a82cb258f (webtiles) character file.

Game seed: 1104624588811210937

35252 DemonSlayer the Thaumaturge (level 13, 0/91 HPs)
             Began as a Demonspawn Fire Elementalist on Aug 3, 2022.
             Was a High Priest of Cheibriados.
             Slain by a catoblepas (24 damage)
             ... on level 3 of the Lair of Beasts.
             The game lasted 00:57:40 (26785 turns).

DemonSlayer the Thaumaturge (DsFE)                 Turns: 26785, Time: 00:57:40

Health: 0/91       AC:  9    Str: 22    XL:     13   Next: 46%
Magic:  26/38      EV: 30    Int: 36    God:    Cheibriados [*****.]
Gold:   632        SH:  0    Dex: 24    Spells: 1/37 levels left

rFire   + . .      SeeInvis +   d - +8 mace of Popular Demand {flame, rPois rC+ Int+2 Dex-4}
rCold   + . .      Faith    .   (no shield)
rNeg    . . .      Spirit   .   D - +1 robe of Vlad {+Inv rF+ Regen+ Int-2}
rPois   +          Reflect  .   l - +1 hat
rElec   .          Harm     .   a - +0 cloak
rCorr   +          Rampage  .   q - +1 pair of gloves {infuse}
Will    .....                   m - +1 pair of boots {Fly}
Stlth   +++++.....              g - amulet of the acrobat
HPRegen 1.05/turn               I - ring of magical power
MPRegen 0.26/turn               r - ring of resist corrosion

@: acrobatic, flying, very slow
A: antennae 1, demonic guardian 3, sturdy frame 1, demonic magic 2, see
invisible, mutation resistance 1
a: Renounce Religion, Evoke Invisibility, Bend Time, Temporal Distortion,
Slouch, Step From Time


You were on level 3 of the Lair of Beasts.
You worshipped Cheibriados.
Cheibriados was extremely pleased with you.
You visited 3 branches of the dungeon, and saw 19 of its levels.
You also visited: Bailey.

You collected 1120 gold pieces.
You spent 488 gold pieces at shops.

Inventory:

Hand Weapons
 c - a +2 dagger of protection
 d - the +8 mace of Popular Demand (weapon) {flame, rPois rC+ Int+2 Dex-4}
   (You found it on level 3 of the Dungeon)

   It burns those it strikes, dealing additional fire damage.
   Int:       It affects your intelligence (+2).
   Dex:       It affects your dexterity (-4).
   rC:        It protects you from cold.
   rPois:     It protects you from poison.
Missiles
 x - 4 throwing nets
 K - 4 curare-tipped darts
Armour
 a - a +0 cloak (worn)
 l - a +1 hat (worn)
 m - a +1 pair of boots of flying (worn)
 q - a +1 pair of gloves of infusion (worn)
 z - a +2 robe of cold resistance
 D - the +1 robe of Vlad (worn) {+Inv rF+ Regen+ Int-2}
   (You found it on level 2 of the Lair of Beasts)

   Int:       It affects your intelligence (-2).
   rF:        It protects you from fire.
   +Inv:      It lets you turn invisible.
   Regen:     It increases your rate of health regeneration.
Jewellery
 g - an amulet of the acrobat (around neck)
 r - a ring of resist corrosion (right hand)
 C - a ring of protection from cold
 F - a ring of positive energy
 I - a ring of magical power (left hand)
Wands
 e - a wand of flame (15)
 j - a wand of acid (5)
 s - a wand of iceblast (15)
 v - a wand of paralysis (5)
 N - a wand of mindburst (7)
Scrolls
 f - 12 scrolls of identify
 h - 5 scrolls of magic mapping
 i - 3 scrolls of teleportation
 k - a scroll of immolation
 o - a scroll of fear
 p - 3 scrolls of enchant armour
 t - 2 scrolls of silence
 w - a scroll of summoning
 B - 2 scrolls of vulnerability
 G - a scroll of brand weapon
 J - a scroll of noise {unknown}
 L - a scroll of enchant weapon {unknown}
 O - 3 scrolls of blinking
Potions
 b - a potion of heal wounds
 n - 2 potions of curing
 u - 3 potions of brilliance
 A - 2 potions of lignification
 E - 4 potions of mutation
 H - a potion of magic
 M - 7 potions of ambrosia
Miscellaneous
 y - a phial of floods


   Skills:
 + Level 5.1 Fighting
 + Level 1.4 Short Blades
 + Level 6.3 Maces & Flails
 + Level 4.7 Dodging
 + Level 9.3 Stealth
 + Level 0.2 Unarmed Combat
 + Level 12.8 Spellcasting
 + Level 4.1 Conjurations
 + Level 2.2 Hexes
 + Level 1.2 Summonings
 + Level 1.1 Transmutations
 + Level 10.8 Fire Magic
 + Level 1.1 Air Magic
 + Level 1.1 Earth Magic
 + Level 3.8 Poison Magic
 + Level 0.9 Evocations


You had one spell level left.
You knew the following spells:

 Your Spells              Type           Power      Damage    Failure   Level
a - Mephitic Cloud        Conj/Pois/Air  44%        N/A       1%          3
b - Scorch                Fire           100%       2d10      1%          2
c - Ignite Poison         Fire/Tmut/Pois 57%        N/A       1%          3
d - Flame Wave            Conj/Fire      67%        2d12      1%          4
e - Olgreb's Toxic Radia  Pois           50%        N/A       3%          4
f - Metabolic Englaciati  Hex/Ice        15%        N/A       30%         5
g - Summon Guardian Gole  Hex/Summ       35%        N/A       2%          3
h - Leda's Liquefaction   Hex/Erth       17%        N/A       9%          4
i - Freezing Cloud        Conj/Ice/Air   17%        6-21      24%         5
j - Ozocubu's Armour      Ice            23%        N/A       4%          3

Your spell library contained the following spells:

 Spells                   Type           Power      Damage    Failure   Level
 Animate Skeleton         Necr           46%        N/A       1%          1
 Apportation              Tloc           46%        N/A       1%          1
 Beastly Appendage        Tmut           62%        N/A       1%          1
 Foxfire                  Conj/Fire      100%       2x1d9     1%          1
 Sting                    Tmut/Pois      100%       1d8       1%          1
 Summon Small Mammal      Summ           100%       N/A       1%          1
 Corpse Rot               Necr/Air       54%        N/A       1%          2
 Poisonous Vapours        Pois/Air       80%        N/A       1%          2
 Wereblood                Tmut           31%        N/A       1%          2
 Conjure Flame            Conj/Fire      67%        6-21      1%          3
 Inner Flame              Hex/Fire       63%        N/A       1%          3
 Spider Form              Tmut/Pois      41%        N/A       1%          3
 Sublimation of Blood     Necr           23%        N/A       2%          2
 Call Canine Familiar     Summ           32%        N/A       3%          3
 Portal Projectile        Hex/Tloc       62%        N/A       3%          3
 Passage of Golubria      Tloc           23%        N/A       17%         4
 Silence                  Hex/Air        17%        N/A       24%         5
 Summon Mana Viper        Hex/Summ       35%        N/A       24%         5
 Summon Forest            Summ/Tloc      13%        N/A       36%         5
 Eringya's Noxious Bog    Tmut/Pois      20%        N/A       67%         6
 Summon Cactus Giant      Summ           16%        N/A       85%         6
 Simulacrum               Ice/Necr       11%        N/A       95%         6
 Summon Hydra             Summ           16%        N/A       100%        7
 Lehudib's Crystal Spear  Conj/Erth      21%        10d6      100%        8


Dungeon Overview and Level Annotations

Branches:
Dungeon (15/15)            Temple (1/1) D:5            Lair (3/6) D:8
  Swamp (0/4) Lair:2        Snake (0/4) Lair:2          Orc (0/2) D:9
 Vaults (0/5) D:14         Bailey (visited)
 Depths: D:15

Altars:
Cheibriados
Dithmenos
Elyvilon
Fedhas
Gozag
Hepliaklqana
Kikubaaqudgha
Makhleb
Okawaru
Qazlal
Ru
Sif Muna
Trog
Uskayaw
Vehumet
Wu Jian
Xom
Yredelemnul
Zin
The Shining One

Shops:
D:5 ?   D:7 (   D:8 *   D:12 =

Annotations:
D:6 2 transporters, SanguineChosen's ghost, novice MiBe
D:11 3 runed translucent doors, unlimited1921's ghost, journeyman DjFE
D:12 2 transporters, BeingJoeMalik's ghost, journeyman VSFi
D:13 3 runed translucent doors
D:15 Azrael
Lair:2 exclusion: oklob plant


Innate Abilities, Weirdness & Mutations

You have a pair of small antennae on your head.
A powerful demonic guardian rushes to your aid.
Your movements are slightly less encumbered by armour. (ER -2)
Spells you cast may paralyse nearby enemies.
You have supernaturally acute eyesight. (SInv)
You are somewhat resistant to further mutation.


Message History

The catoblepas breathes a plume of calcifying dust at you.
The blast of calcifying dust hits you.
Found a scroll of identify.
The catoblepas gores you!!
* * * LOW HITPOINT WARNING * * *
The catoblepas completely misses you.
You see here a water moccasin corpse.
Unknown command.
You feel much better.
The catoblepas gores you but does no damage.
Flames lash the catoblepas.
The catoblepas is burned terribly!
The catoblepas is heavily wounded.
Malevolent energies surge around you.
The catoblepas breathes a plume of calcifying dust at you.
The blast of calcifying dust hits you.
The catoblepas breathes a plume of calcifying dust at you.
The blast of calcifying dust hits you. The catoblepas closely misses you.
The catoblepas completely misses you.
Flames lash the catoblepas.
The catoblepas is burned terribly!
The catoblepas is severely wounded.
Malevolent energies surge around you. The catoblepas misses you.
Flames lash the catoblepas.
The catoblepas is severely wounded.
Malevolent energies surge around you.
The catoblepas breathes a plume of calcifying dust at you.
The blast of calcifying dust hits you. The catoblepas closely misses you.
The catoblepas gores you!!
You feel much better. The catoblepas barely misses you.
You sock the catoblepas! You burn the catoblepas.
The catoblepas is severely wounded.
The catoblepas breathes a plume of calcifying dust at you.
The blast of calcifying dust hits you. The catoblepas gores you!!
* * * LOW HITPOINT WARNING * * *
A demonic guardian appears!
The catoblepas breathes a plume of calcifying dust at you.
The blast of calcifying dust hits you but does no damage.
Your sun demon is engulfed in calcifying dust.
Your sun demon is moving more slowly.
The catoblepas gores you!!
You die...

## # #####P### #. ##
#........... ...
#.###........... ....
###.##........... .....
##§.§.'...........
......#@§3.#............
.....$.†Y§###...........
........### #...........
......### #.<.........
?..... #...........
...... ##..###.####
#.#P# #### ### ####


You could see a catoblepas (combustible, ally target) and a friendly sun demon
(summoned, petrifying).

Vanquished Creatures
  Gastronok (D:8)
  4 hydras
  Harold (D:10)
  Erica (D:8)
  A dancing weapon (D:14)
  5 centaur warriors
  A two-headed ogre (D:10)
  Sonja (Lair:2)
  A lindwurm (Lair:2)
  3 cyclopes
  A manticore (D:14)
  2 ugly things
  An ice statue (D:13)
  3 black mambas
  A gargoyle (D:11)
  An efreet (D:14)
  2 cane toads
  A yaktaur (shapeshifter) (D:14)
  A komodo dragon (shapeshifter) (D:13)
  2 komodo dragons (Lair:1)
  2 trolls
  A queen bee (Lair:3)
  4 blink frogs (Lair:2)
  2 polar bears
  2 hornets (D:10)
  4 wraiths (D:10)
  4 hogs (D:12)
  2 shadows
  Eustachio (D:4)
  A basilisk (Lair:2)
  23 yaks
  A steam dragon (D:6)
  4 vampire mosquitoes (D:13)
  Edmund (D:6)
  7 water moccasins
  A black bear (Lair:2)
  Duvessa (D:4)
  9 orc warriors
  3 ice beasts
  A sky beast (D:6)
  A necrophage (D:5)
  13 centaurs
  Blork the orc (D:6)
  5 bullfrogs
  4 scorpions
  A wyvern skeleton (D:7)
  2 wyvern zombies
  Dowan (D:4)
  35 killer bees
  2 howler monkeys
  6 centaur zombies
  A bullfrog zombie (D:6)
  A centaur skeleton (D:7)
  2 hounds (D:7)
  5 jellies
  6 orc priests
  A gnoll shaman (D:6)
  Jessica (D:2)
  3 iguanas
  6 orc wizards
  Ijyb (D:4)
  Natasha (thrice) (D:3)
  A howler monkey zombie (D:4)
  4 gnolls (D:6)
  2 howler monkey skeletons (D:7)
  5 adders
  A worm (D:3)
  A dart slug (D:2)
  44 orcs
  7 ball pythons
  5 endoplasms
  2 giant cockroaches (D:4)
  10 goblins
  3 hobgoblins
  7 jackals
  2 kobolds
  A quokka (D:1)
  6 bats
  4 frilled lizards
  5 rats
319 creatures vanquished.

Vanquished Creatures (collateral kills)
  Fannar (D:10)
  A centaur warrior (D:13)
  A dancing weapon (D:14)
  An efreet (D:14)
  A komodo dragon (Lair:1)
  A queen bee (shapeshifter) (D:13)
  2 vampire mosquitoes (D:13)
  A basilisk (Lair:1)
  2 centaurs
  An orc priest (D:4)
  A jackal (D:4)
  A quokka (D:4)
14 creatures vanquished.

Vanquished Creatures (others)
  Kirke (D:12)
  Josephine (D:10)
  A bush (D:5)
  176 foxfires
  4 fungi
  5 plants
188 creatures vanquished.

Grand Total: 521 creatures vanquished

Notes
Turn   | Place    | Note
-------+----------+-------------------------------------------
     0 | D:1      | DemonSlayer the Demonspawn Fire Elementalist began the
                  | quest for the Orb.
     0 | D:1      | Reached XP level 1. HP: 13/13 MP: 3/3
   282 | D:1      | Gained mutation: You have a pair of small antennae on your
                  | head. [demonic ancestry]
   282 | D:1      | Reached XP level 2. HP: 19/19 MP: 0/5
   285 | D:1      | Learned a level 2 spell: Scorch
   687 | D:1      | Found a faded altar of an unknown god.
  1646 | D:2      | Gained mutation: Spells you cast may paralyse adjacent
                  | enemies. [demonic ancestry]
  1646 | D:2      | Reached XP level 3. HP: 17/24 MP: 3/6
  1650 | D:2      | Learned a level 3 spell: Conjure Flame
  2233 | D:2      | Noticed Jessica
  2241 | D:2      | Killed Jessica
  2242 | D:2      | Gained mutation: A weak demonic guardian rushes to your
                  | aid. [demonic ancestry]
  2242 | D:2      | Reached XP level 4. HP: 30/30 MP: 0/8
  2548 | D:3      | Noticed Natasha
  2555 | D:3      | Killed Natasha
  2556 | D:3      | Reached skill level 3 in Spellcasting
  2678 | D:3      | Identified the +8 mace of Popular Demand {flame, rPois rC+
                  | Int+2 Dex-4}
  2967 | D:3      | Noticed a scorpion
  2974 | D:3      | Killed a scorpion
  2975 | D:3      | Reached XP level 5. HP: 36/36 MP: 0/10
  3566 | D:3      | Noticed Natasha
  3569 | D:3      | Killed Natasha
  3602 | D:3      | Noticed Natasha
  3607 | D:3      | Killed Natasha
  3652 | D:3      | Learned a level 4 spell: Flame Wave
  4050 | D:4      | Noticed Ijyb
  4055 | D:4      | Killed Ijyb
  4121 | D:4      | Found a stormy altar of Qazlal.
  4304 | D:4      | Reached XP level 6. HP: 13/42 MP: 2/11
  4914 | D:4      | Noticed Eustachio
  4927 | D:4      | Killed Eustachio
  4928 | D:4      | Reached skill level 4 in Spellcasting
  5118 | D:4      | Found a shimmering altar of Xom.
  5429 | D:4      | Noticed Dowan
  5431 | D:4      | Noticed Duvessa
  6153 | D:4      | Killed Duvessa
  6154 | D:4      | Gained mutation: A demonic guardian rushes to your aid.
                  | [demonic ancestry]
  6154 | D:4      | Reached XP level 7. HP: 47/47 MP: 2/13
  6163 | D:4      | Killed Dowan
  6277 | D:4      | Learned a level 4 spell: Olgreb's Toxic Radiance
  6313 | D:5      | Entered Level 5 of the Dungeon
  6382 | D:5      | Reached skill level 5 in Spellcasting
  6544 | D:5      | Reached skill level 1 in Fighting
  6544 | D:5      | Reached skill level 5 in Fire Magic
  6917 | D:5      | Found a staircase to the Ecumenical Temple.
  6991 | Temple   | Entered the Ecumenical Temple
  7155 | Temple   | Became a worshipper of Cheibriados the Contemplative
  7521 | D:5      | Reached XP level 8. HP: 42/54 MP: 11/15
  7641 | D:5      | Found a hide-covered altar of Uskayaw.
  7718 | D:5      | Found Roibaj's Magic Scroll Shoppe.
  7723 | D:5      | Bought a scroll of teleportation for 42 gold pieces
  7723 | D:5      | Bought a scroll of amnesia for 49 gold pieces
  7806 | D:6      | Noticed Edmund
  7813 | D:6      | Killed Edmund
  7814 | D:6      | Reached skill level 1 in Maces & Flails
  7865 | D:6      | Noticed a hornet
  7868 | D:6      | Noticed SanguineChosen's ghost (novice MiBe)
  8155 | D:6      | Reached skill level 5 in Stealth
  8609 | D:6      | Found a radiant altar of Vehumet.
  8612 | D:6      | Reached skill level 6 in Spellcasting
  9075 | D:6      | Reached skill level 1 in Short Blades
  9124 | D:6      | Found a transporter.
  9128 | D:6      | Found a transporter.
  9137 | D:6      | Noticed Blork the orc
  9141 | D:6      | Killed Blork the orc
  9299 | D:6      | Learned a level 5 spell: Metabolic Englaciation
  9341 | D:7      | Gained mutation: Your movements are slightly less
                  | encumbered by armour. (ER -2) [demonic ancestry]
  9341 | D:7      | Reached XP level 9. HP: 61/61 MP: 18/18
  9344 | D:7      | Found a flagged portal.
  9353 | Bailey   | Entered a bailey
  9363 | Bailey   | Reached * piety under Cheibriados
  9656 | Bailey   | Noticed an orc knight
  9836 | Bailey   | Identified the +0 plate armour of the Present {rPois Regen+
                  | MP+9}
  9843 | Bailey   | HP: 2/61 [orc knight/+0 bardiche (28)]
 10663 | Bailey   | Gained mutation: You have supernaturally acute eyesight.
                  | (SInv) [potion of mutation]
 10663 | Bailey   | Gained mutation: You are somewhat resistant to further
                  | mutation. [potion of mutation]
 10728 | D:7      | Reached skill level 7 in Spellcasting
 11002 | D:7      | Found Yfuwicor's Antique Weapon Boutique.
 11186 | D:7      | Found an opulent altar of Gozag.
 11189 | D:7      | Found an iron altar of Okawaru.
 11192 | D:7      | Found an ornate altar of the Wu Jian Council.
 11775 | D:7      | Learned a level 3 spell: Summon Guardian Golem
 11857 | D:8      | Reached ** piety under Cheibriados
 11995 | D:8      | Found a staircase to the Lair.
 12099 | D:8      | Noticed Erica
 12107 | D:8      | Killed Erica
 12108 | D:8      | Reached skill level 8 in Spellcasting
 12108 | D:8      | Gained mutation: A powerful demonic guardian rushes to your
                  | aid. [demonic ancestry]
 12108 | D:8      | Reached XP level 10. HP: 51/68 MP: 7/22
 12322 | D:8      | Noticed Gastronok
 12331 | D:8      | Killed Gastronok
 12670 | D:8      | Found Hixa's CLEARANCE SALE!.
 12679 | D:8      | Bought a +0 cloak for 22 gold pieces
 12679 | D:8      | Bought a scroll of teleportation for 15 gold pieces
 13185 | D:8      | Learned a level 4 spell: Leda's Liquefaction
 13293 | Lair:1   | Entered Level 1 of the Lair of Beasts
 13782 | Lair:1   | Reached skill level 9 in Spellcasting
 14135 | Lair:1   | Noticed a seven-headed hydra
 14141 | Lair:1   | Killed a seven-headed hydra
 14205 | Lair:1   | Noticed a cane toad
 14210 | Lair:1   | Killed a cane toad
 14277 | Lair:1   | Reached XP level 11. HP: 49/74 MP: 15/24
 15174 | Lair:1   | Learned a level 3 spell: Call Canine Familiar
 15579 | D:9      | Reached *** piety under Cheibriados
 15584 | D:9      | Reached skill level 10 in Spellcasting
 15599 | D:9      | Found a staircase to the Orcish Mines.
 16197 | D:10     | Entered Level 10 of the Dungeon
 16197 | D:10     | Noticed Harold
 16205 | D:10     | Killed Harold
 16555 | D:10     | Noticed Fannar
 16573 | D:10     | Killed Fannar
 16709 | D:10     | Noticed Josephine
 16723 | D:10     | Killed Josephine
 16724 | D:10     | Reached skill level 1 in Poison Magic
 16755 | D:10     | Reached skill level 1 in Earth Magic
 16930 | D:10     | Noticed a two-headed ogre
 16942 | D:10     | Reached **** piety under Cheibriados
 16944 | D:10     | Killed a two-headed ogre
 17112 | D:10     | Reached skill level 1 in Hexes
 17484 | D:11     | Learned a level 5 spell: Freezing Cloud
 17724 | D:11     | Found a runed translucent gate.
 17724 | D:11     | Found a runed translucent gate.
 17726 | D:11     | Noticed a four-headed hydra
 17726 | D:11     | Noticed unlimited1921's ghost (journeyman DjFE)
 17727 | D:11     | Found a runed translucent gate.
 17727 | D:11     | Noticed a two-headed ogre
 18196 | D:11     | Reached skill level 5 in Maces & Flails
 18426 | D:12     | Noticed a red ugly thing
 18600 | D:12     | Killed a red ugly thing
 18601 | D:12     | Gained mutation: Spells you cast may paralyse nearby
                  | enemies. [demonic ancestry]
 18601 | D:12     | Reached XP level 12. HP: 83/83 MP: 21/26
 18648 | D:12     | Noticed Kirke
 18853 | D:12     | Noticed a vampire knight
 18864 | D:12     | Noticed a vampire knight
 18943 | D:12     | Noticed BeingJoeMalik's ghost (journeyman VSFi)
 19116 | D:12     | Found a transporter.
 19119 | D:12     | Found a transporter.
 19177 | D:12     | Killed Kirke
 19178 | D:12     | Reached skill level 11 in Spellcasting
 19178 | D:12     | Reached skill level 1 in Summonings
 19844 | D:12     | Found Kifiuvou's Jewellery Emporium.
 19852 | D:12     | Bought a ring of magical power for 360 gold pieces
 20065 | D:12     | Learned a level 3 spell: Mephitic Cloud
 20070 | D:12     | Learned a level 3 spell: Ignite Poison
 20124 | D:13     | Found a runed translucent door.
 20139 | D:13     | Found a runed translucent door.
 20439 | D:13     | Found a runed translucent door.
 20452 | D:13     | Found a runed translucent door.
 20453 | D:13     | Noticed a centaur warrior
 20595 | D:13     | Noticed a centaur warrior
 20603 | D:13     | Killed a centaur warrior
 20800 | D:13     | Noticed a centaur warrior
 20807 | D:13     | Killed a centaur warrior
 21027 | D:13     | Noticed a centaur warrior
 21048 | D:13     | Killed a centaur warrior
 21551 | D:13     | Killed a centaur warrior
 21552 | D:13     | Reached skill level 10 in Fire Magic
 22049 | D:14     | Reached ***** piety under Cheibriados
 22598 | D:14     | Noticed a centaur warrior
 22605 | D:14     | Killed a centaur warrior
 22606 | D:14     | Reached skill level 1 in Transmutations
 22962 | D:14     | Found a gate to the Vaults.
 22979 | D:14     | Reached skill level 12 in Spellcasting
 23071 | D:14     | Reached skill level 1 in Air Magic
 23824 | D:14     | Reached XP level 13. HP: 90/90 MP: 24/29
 24648 | D:14     | Learned a level 3 spell: Ozocubu's Armour
 24670 | D:15     | Entered Level 15 of the Dungeon
 24681 | D:15     | Noticed Azrael
 25169 | Lair:2   | Reached skill level 5 in Fighting
 25316 | Lair:2   | Identified the +1 robe of Vlad {+Inv rF+ Regen+ Int-2}
 25708 | Lair:2   | Found a staircase to the Swamp.
 26212 | Lair:2   | Noticed Sonja
 26214 | Lair:2   | Killed Sonja
 26315 | Lair:2   | Found a staircase to the Snake Pit.
 26785 | Lair:3   | Slain by a catoblepas

Illustrated notes

Levels and vault maps discovered:
D:1:      minmay_arrival_loop, layout_loops_corners,
          ebering_ecumenical_altar_box, glass_columns_c
D:2:      layout_loops_ring, dk_noncrumbling_4, uniq_jessica
D:3:      layout_basic, uniq_natasha
D:4:      layout_loops_corners, lemuel_coloured_pillars_altar,
          mainiacjoe_overflow_alcove_4, uniq_ijyb, uniq_duvessa, uniq_eustachio
D:5:      layout_cave_pods, nicolae_uskayaw_murder_on_the_dancefloor,
          temple_doors_ab, serial_shops, shop, kb_lookout_dungeons_type,
          chequers_garden
D:6:      layout_loops_ring, nicolae_vehumet_altar_sigil, gammafunk_ghost_hive,
          minmay_fountain_box, nicolae_concentric_dashed_squares_mild,
          uniq_edmund, uniq_blork_the_orc
D:7:      minmay_razor_zed, layout_loops_cross, mainiacjoe_overflow_alcove_1,
          grunt_temple_overflow_cloverleaf, serial_shops,
          nicolae_shop_advertising_works [nicolae_subvault_shop_adworks],
          enter_bailey_3
D:8:      layout_loops_corners, lair_entry_dummy, nicolae_shop_clearance,
          uniq_erica, uniq_gastronok
D:9:      layout_basic, david_orc_3
D:10:     layout_roguey, uniq_josephine, uniq_harold, uniq_fannar
D:11:     layout_basic, gammafunk_ghost_split
D:12:     layout_irregular_city, gammafunk_ghost_mausoleum, serial_shops,
          nicolae_stop_n_shop_1, uniq_kirke
D:13:     layout_roguey, minmay_statue_crystal_thing
D:14:     layout_stronghold, erik_vaults_1, grunt_decor_resistance,
          hangedman_abyss_or_decor_slice
D:15:     gammafunk_enter_depths_forms, layout_basic, minmay_misc_feat_square,
          uniq_azrael
Temple:   nicolae_temple_figure_eight
Lair:1:   layout_long_grid, serial_bayou_crossing
Lair:2:   layout_cave_pods, swamp_mist_pool, dummy_snake_entry,
          chequers_serial_rivers_large_b, serial_bayou_pond_d,
          grunt_megastairs_1, serial_bayou_shore_a, uniq_sonja
Lair:3:   layout_roguey [special_room_bee]

Skill      XL: |  1  2  3  4  5  6  7  8  9 10 11 12 13 |
---------------+----------------------------------------+-----
Fire Magic     | 3 4 5 6 7 8 9 10 | 10.8
Stealth        | 2 3 4 5 6 7 9 |  9.3
Spellcasting   | 3 4 5 6 8 9 10 12 | 12.8
Dodging        | 2 3 4 |  4.7
Fighting       | 1 2 4 5 |  5.1
Maces & Flails | 2 3 5 6 |  6.3
Short Blades   | 1 |  1.4
Conjurations   | 3 4 |  4.1
Poison Magic   | 2 3 |  3.8
Earth Magic    | 1 |  1.1
Hexes          | 1 2 |  2.2
Summonings     | 1 |  1.2
Transmutations | 1 |  1.1
Air Magic      | 1 |  1.1
Unarmed Combat | |  0.2
Evocations     | |  0.9

Action                   |  1- 3 |  4- 6 |  7- 9 | 10-12 | 13-15 || total
-------------------------+-------+-------+-------+-------+-------++-------
Melee: Unarmed           |     1 |       |       |     5 |       ||     6
       Dagger            |    25 |    27 |    15 |       |       ||    67
       Mace              |       |     4 |    55 |   220 |    49 ||   328
       Punch             |       |       |       |     5 |       ||     5
Throw: Throwing net      |       |       |       |     1 |       ||     1
 Cast: Foxfire           |    42 |     7 |    55 |     5 |       ||   109
       Scorch            |    15 |    50 |    92 |   150 |    55 ||   362
       Conjure Flame     |       |     1 |       |     5 |       ||     6
       Olgreb's Toxic Ra |       |       |       |    20 |     1 ||    21
       Leda's Liquefacti |       |       |       |     7 |       ||     7
       Summon Guardian G |       |       |       |    11 |       ||    11
       Mephitic Cloud    |       |       |       |    12 |     3 ||    15
       Ignite Poison     |       |       |       |     8 |     2 ||    10
       Flame Wave        |       |       |       |     6 |     6 ||    12
       Metabolic Englaci |       |       |       |       |     1 ||     1
Evoke: Wand              |       |     3 |     1 |     3 |       ||     7
  Use: Scroll            |       |    11 |     2 |    14 |     2 ||    29
       Potion            |       |     3 |     2 |     8 |     2 ||    15
 Stab: Sleeping          |     5 |     3 |     6 |     8 |     5 ||    27
       Paralysed         |     2 |    12 |    24 |    50 |     3 ||    91
       Distracted        |       |       |       |     2 |       ||     2
Armor: Robe              |     5 |     3 |    22 |   110 |    31 ||   171
Dodge: Dodged            |    25 |    26 |    84 |   285 |   102 ||   522
